 Dungeon Crawl Stone Soup version 0.26.1-11-gd32895ea62 (webtiles) character file.

Game seed: 10815980372733328910

17563 seveneves the Blocker (level 12, -1/105 HPs)
             Began as a Minotaur Fighter on July 23, 2021.
             Slain by a brown ugly thing (6 damage)
             ... on level 14 of the Dungeon.
             The game lasted 00:46:24 (9354 turns).

seveneves the Blocker (Minotaur Fighter)            Turns: 9354, Time: 00:46:25

Health: -1/105     AC: 13    Str: 25    XL:     12   Next: 20%
Magic:  0/20       EV:  8    Int:  1    God:
Gold:   638        SH: 14    Dex: 11    Spells: 11/11 levels left

rFire    + . .     SeeInvis .   p - +6 long sword (freeze)
rCold    x . .     Faith    .   c - +1 kite shield
rNeg     + + +     Spirit   +   x - +1 plate armour
rPois    .         Reflect  .   (helmet restricted)
rElec    .         Harm     .   (no cloak)
rCorr    +         Rampage  .   r - +1 pair of gloves
Will     .....                  m - +1 pair of boots of Nismaeliumm {rN+++ rCorr MP+9 Int-4}
Stlth    ..........             n - amulet of guardian spirit
HPRegen  0.27/turn              l - ring of fire
MPRegen  0.17/turn              v - ring of stealth

@: lethally poisoned (-1 -> -19), corroded
A: retaliatory headbutt, horns 2
a: no special abilities


You were on level 14 of the Dungeon.
You visited 1 branch of the dungeon, and saw 14 of its levels.

You collected 638 gold pieces.

Inventory:

Hand Weapons
 b - a +2 whip of holy wrath
 e - a +2 dagger of electrocution
 p - a +6 long sword of freezing (weapon)
Missiles
 w - 3 silver boomerangs
Armour
 c - a +1 kite shield (worn)
 m - the +1 pair of boots of Nismaeliumm (worn) {rN+++ rCorr MP+9 Int-4}
   (You found it on level 6 of the Dungeon)

   It affects your intelligence (-4).
   It renders you almost immune to negative energy.
   It affects your magic capacity (+9).
   It provides partial protection from all sources of acid and corrosion.
 r - a +1 pair of gloves (worn)
 x - a +1 plate armour (worn)
 C - the +1 ring mail of the Vanishing Olives {rN+}
   (You found it on level 6 of the Dungeon)

   It protects you from negative energy.
Jewellery
 j - an uncursed ring of positive energy {unknown}
 l - a ring of fire (left hand)
 n - an amulet of guardian spirit (around neck)
 v - a ring of stealth (right hand)
 A - an uncursed amulet of reflection
Wands
 d - a wand of acid (7)
Scrolls
 a - 3 scrolls of remove curse
 g - 6 scrolls of teleportation
 h - a scroll of fog {unknown}
 i - a scroll of amnesia
 q - a scroll of magic mapping
 s - a scroll of brand weapon {unknown}
 z - a scroll of identify
Potions
 k - 4 potions of curing
 o - 2 potions of haste
 t - a potion of berserk rage
 u - 3 potions of flight
 B - a potion of cancellation
Miscellaneous
 f - a tin of tremorstones (2/2)
 y - a lightning rod (4/4) (quivered)


   Skills:
 + Level 9.5 Fighting
 + Level 13.3 Long Blades
 + Level 3.7 Maces & Flails
 + Level 1.0 Throwing
 + Level 11.2 Armour
 + Level 2.6 Dodging
 + Level 0.4 Stealth
 + Level 13.4 Shields


You had 11 spell levels left.
You didn't know any spells.
Your spell library contained the following spells:

 Spells                   Type           Power        Failure   Level
 Magic Dart               Conj           0%           100%        1
 Shock                    Conj/Air       0%           100%        1
 Blink                    Tloc           N/A          100%        2
 Call Imp                 Summ           0%           100%        2
 Slow                     Hex            0%           100%        2
 Swiftness                Air            0%           100%        2
 Confusing Touch          Hex            0%           100%        3
 Conjure Flame            Conj/Fire      0%           100%        3
 Gell's Gravitas          Tloc           0%           100%        3
 Mephitic Cloud           Conj/Pois/Air  0%           100%        3
 Static Discharge         Conj/Air       0%           100%        3
 Airstrike                Air            0%           100%        4
 Petrify                  Tmut/Erth      0%           100%        4
 Lightning Bolt           Conj/Air       0%           100%        5
 Metabolic Englaciation   Hex/Ice        0%           100%        5
 Yara's Violent Unravell  Hex/Tmut       0%           100%        5


Dungeon Overview and Level Annotations

Branches:
Dungeon (14/15)            Temple (0/1) D:7            Lair (0/6) D:9
    Orc (0/2) D:11         Vaults (0/5) D:13

Altars:
Elyvilon
Sif Muna
Xom
Yredelemnul
The Shining One

Shops:
D:5 ?*

Annotations:
D:4 3 runed translucent doors, fitz's ghost, amateur GrFi
D:13 Rupert; Urug
D:14 Azrael


Innate Abilities, Weirdness & Mutations

You reflexively headbutt those who attack you in melee.
You have a pair of horns on your head.


Message History

The tengu warrior is severely wounded.
The green ugly thing gores you.
* * * LOW HITPOINT WARNING * * *
You are lethally poisoned!
The green ugly thing poisons you!
The red ugly thing basks in the mutagenic energy from its kin and changes!
The brown ugly thing headbutts you.
* * * LOW HITPOINT WARNING * * *
You are splashed with acid.
You resist.
* * * LOW HITPOINT WARNING * * *
The tengu warrior hits you but does no damage.
You block the tengu warrior's attack. x2; The green ugly thing claws you!
* * * LOW HITPOINT WARNING * * *
You hit the tengu warrior. You freeze the tengu warrior.
The tengu warrior is severely wounded.
* * * LOW HITPOINT WARNING * * *
You feel sick.
The green ugly thing basks in the mutagenic energy from its kin and changes!
The brown ugly thing headbutts you!
You die...

#..<..#
#.....#
#...$.###
#.......#.
#.........
#......?..
#.†.###... #
#.u#####...#
#.u@Q.......
#..uu.....).
############


You could see 4 ugly things and a tengu warrior.

Vanquished Creatures
  Erolcha (D:10)
  4 two-headed ogres
  3 death yaks (D:9)
  3 unseen horrors
  4 ugly things
  A cyclops (D:12)
  Joseph (D:10)
  A gargoyle (D:12)
  4 trolls
  A hornet (D:10)
  A wyvern (D:10)
  11 yaks
  Grum (D:8)
  A warg (D:11)
  A water moccasin (D:7)
  An ice beast (D:10)
  2 black bears
  3 sky beasts
  4 orc warriors
  A hornet zombie (D:12)
  2 ogres
  3 wolves (D:8)
  4 centaurs
  2 phantoms
  A big kobold (D:9)
  7 bullfrogs
  4 scorpions
  11 killer bees
  3 wights (D:2)
  A bullfrog zombie (D:12)
  2 centaur zombies
  6 hounds
  2 quasits
  9 orc priests
  2 centaur skeletons
  A gnoll shaman (D:6)
  4 bullfrog skeletons
  17 orc wizards
  2 iguanas
  10 worker ants
  A killer bee zombie (D:10)
  2 hound zombies
  2 hound skeletons
  A worker ant zombie (D:6)
  Robin (D:4)
  18 adders
  4 gnolls (D:6)
  2 white imps (D:9)
  An ufetubus (D:5)
  An ooze (D:4)
  2 adder zombies
  3 worms
  3 dart slugs (D:1)
  5 leopard geckos
  54 orcs
  2 ball pythons
  4 giant cockroaches
  18 goblins
  12 hobgoblins
  16 jackals
  9 kobolds
  8 quokkas
  A ball python skeleton (D:4)
  6 bats
  2 frilled lizards (D:3)
  2 leopard gecko skeletons
  8 rats
330 creatures vanquished.

Vanquished Creatures (others)
  8 fungi (D:8)
  2 toadstools (D:8)
10 creatures vanquished.

Grand Total: 340 creatures vanquished

Notes
Turn   | Place    | Note
-------+----------+-------------------------------------------
     0 | D:1      | seveneves the Minotaur Fighter began the quest for the Orb.
     0 | D:1      | Reached XP level 1. HP: 19/19 MP: 0/0
   111 | D:1      | Reached XP level 2. HP: 27/27 MP: 1/1
   911 | D:2      | Reached XP level 3. HP: 25/33 MP: 2/2
   915 | D:2      | Found a faded altar of an unknown god.
  1000 | D:2      | Found a basalt altar of Yredelemnul.
  1445 | D:2      | Reached XP level 4. HP: 40/41 MP: 3/3
  1463 | D:2      | HP: 2/41 [wight/cursed -3 halberd (14)]
  1475 | D:2      | Reached skill level 1 in Dodging
  1475 | D:2      | Reached XP level 5. HP: 14/47 MP: 4/4
  1783 | D:3      | Reached skill level 5 in Shields
  1863 | D:3      | Reached XP level 6. HP: 52/53 MP: 5/5
  1867 | D:3      | Found a glowing golden altar of the Shining One.
  2284 | D:3      | Reached skill level 5 in Armour
  2604 | D:4      | Reached skill level 5 in Long Blades
  2758 | D:4      | Reached skill level 5 in Fighting
  2768 | D:4      | Noticed Robin
  2777 | D:4      | Killed Robin
  2843 | D:4      | Found a runed translucent gate.
  2843 | D:4      | Found a runed translucent gate.
  2843 | D:4      | Found a runed translucent gate.
  2844 | D:4      | Noticed fitz's ghost (amateur GrFi)
  2845 | D:4      | Noticed a two-headed ogre
  3054 | D:4      | Reached XP level 7. HP: 61/61 MP: 6/6
  3213 | D:5      | Entered Level 5 of the Dungeon
  3280 | D:5      | Found Nekairim's Needful Niceties.
  3555 | D:5      | Found Atix's Magic Scroll Shop.
  4015 | D:5      | Found a white marble altar of Elyvilon.
  4134 | D:6      | Reached XP level 8. HP: 68/68 MP: 7/7
  4713 | D:6      | Got a scorched ring mail
  4717 | D:6      | Identified the +1 ring mail of the Vanishing Olives {rN+}
                  | (You found it on level 6 of the Dungeon)
  4877 | D:6      | Got a pair of fine boots
  5001 | D:6      | Found a shimmering altar of Xom.
  5079 | D:7      | Identified the +1 pair of boots of Nismaeliumm {rN+++ rCorr
                  | MP+9 Int-4} (You found it on level 6 of the Dungeon)
  5097 | D:7      | Found a staircase to the Ecumenical Temple.
  5874 | D:8      | Noticed Grum
  5879 | D:8      | Reached XP level 9. HP: 75/75 MP: 8/8
  5892 | D:8      | Killed Grum
  5943 | D:8      | Reached skill level 10 in Long Blades
  5948 | D:8      | You fall into a shaft and drop 1 floor!
  6596 | D:9      | Reached skill level 10 in Shields
  6605 | D:9      | Reached XP level 10. HP: 20/86 MP: 5/9
  6764 | D:9      | Found a shimmering blue altar of Sif Muna.
  6864 | D:9      | Noticed a death yak
  6869 | D:9      | Noticed a death yak
  6871 | D:9      | Noticed a death yak
  6879 | D:9      | Killed a death yak
  6895 | D:9      | Killed a death yak
  6899 | D:9      | Killed a death yak
  6916 | D:9      | Found a staircase to the Lair.
  7008 | D:10     | Entered Level 10 of the Dungeon
  7010 | D:10     | Noticed Erolcha
  7027 | D:10     | Killed Erolcha
  7070 | D:10     | Noticed Joseph
  7082 | D:10     | Reached skill level 10 in Armour
  7094 | D:10     | Killed Joseph
  7163 | D:10     | Killed an unseen horror
  7164 | D:10     | Reached XP level 11. HP: 94/94 MP: 10/10
  7331 | D:10     | Noticed a two-headed ogre
  7344 | D:10     | Killed a two-headed ogre
  7345 | D:10     | Reached skill level 1 in Maces & Flails
  7760 | D:11     | Noticed a two-headed ogre
  7766 | D:11     | Killed a two-headed ogre
  7880 | D:11     | Killed an unseen horror
  7904 | D:11     | Noticed a brown ugly thing
  7919 | D:11     | Killed a brown ugly thing
  7969 | D:11     | Found a staircase to the Orcish Mines.
  8171 | D:11     | Killed an unseen horror
  8181 | D:11     | Noticed a two-headed ogre
  8187 | D:11     | Killed a two-headed ogre
  8188 | D:11     | Reached skill level 1 in Throwing
  8691 | D:12     | Noticed a purple ugly thing
  8722 | D:12     | Killed a purple ugly thing
  8936 | D:12     | Reached XP level 12. HP: 104/104 MP: 11/11
  9161 | D:12     | Noticed a two-headed ogre
  9168 | D:12     | Killed a two-headed ogre
  9316 | D:13     | Found a gate to the Vaults.
  9316 | D:13     | Noticed a centaur warrior
  9316 | D:13     | Noticed Rupert
  9316 | D:13     | Noticed Urug
  9319 | D:14     | Noticed Azrael
  9339 | D:14     | Noticed a tengu warrior
  9354 | D:14     | HP: 5/105 [poisoned by a green ugly thing]
  9354 | D:14     | Slain by a brown ugly thing

Illustrated notes

Levels and vault maps discovered:
D:1:      elethiomel_arrival_shortcut, layout_loops_ring, serial_park_tiny_1
D:2:      layout_loops_ring, yredelemnul_altar_generic,
          chequers_ecumenical_altar_grove
D:3:      minmay_angry_zag, layout_basic, tso_metal_star
D:4:      layout_loops_ring, gammafunk_ghost_split, uniq_robin
D:5:      layout_cave_pods, nicolae_overflow_hidden_temple, serial_shops,
          shop_statue, nicolae_alphabet_shops
D:6:      layout_basic, lemuel_round_altar
D:7:      layout_basic, minmay_temple_entry_sparse_star
D:8:      layout_layer_cave, pdpol_wu_jian_five_deadly_venoms,
          grunt_temple_overflow_open, minmay_gold_behind_fungi,
          minmay_tree_intersection, uniq_grum
D:9:      kennysheep_orc_sif_temple, layout_basic, dpeg_lair_monsters,
          chequers_serial_rivers_small_a
D:10:     layout_cave_pods, serial_glass, glass_columns_b, glass_columns_b,
          uniq_erolcha, uniq_joseph
D:11:     layout_cave_pools, erik_orc_4, minivault_5
D:12:     layout_loops_corners
D:13:     layout_basic, david_vaults_3, enter_bailey_2, uniq_josephine
D:14:     layout_layer_cave, uniq_azrael

Skill      XL: |  1  2  3  4  5  6  7  8  9 10 11 |
---------------+----------------------------------+-----
Fighting       | 4 5 6 7 8 9 |  9.5
Armour         | 4 5 7 8 10 11 | 11.2
Shields        | 4 5 6 7 10 11 13 | 13.4
Long Blades    | 3 4 5 7 9 10 11 13 | 13.3
Dodging        | 1 2 |  2.6
Maces & Flails | 3 |  3.7
Throwing       | 1 |  1.0
Stealth        | |  0.4

Action                   |  1- 3 |  4- 6 |  7- 9 | 10-12 || total
-------------------------+-------+-------+-------+-------++-------
Melee: Long sword        |    80 |   157 |   301 |   303 ||   841
       Headbutt          |    11 |    19 |    60 |    94 ||   184
       Whip              |       |       |       |    97 ||    97
       Dagger            |       |       |       |     2 ||     2
Throw: Boomerang         |       |       |     1 |     7 ||     8
Evoke: Lightning rod     |       |       |       |     1 ||     1
  Use: Scroll            |     5 |     6 |    10 |    10 ||    31
       Potion            |     2 |     9 |     4 |    13 ||    28
Armor: Scale mail        |    38 |    38 |       |       ||    76
       Plate armour      |       |    25 |   131 |   229 ||   385
Dodge: Dodged            |    27 |    44 |    52 |    96 ||   219
Block: Kite shield       |    52 |   109 |   176 |   269 ||   606
       Rpst.: Long sword |     8 |    12 |    12 |    17 ||    49
